 Dungeon Crawl Stone Soup version 0.30-a0-802-gb92711bcdf (webtiles) character file.

Game seed: 11473343466033509587

52 sircluck the Sneak (level 4, 0/27 HPs)
             Began as a Kobold Brigand on Feb 23, 2023.
             Slain by an orc priest
             ... wielding a +0 hand axe
              (6 damage)
             ... on level 2 of the Dungeon.
             The game lasted 00:01:55 (853 turns).

sircluck the Sneak (Kobold Brigand)                  Turns: 853, Time: 00:01:55

Health: 0/27       AC:  3    Str:  8    XL:     4   Next: 8%
Magic:  4/4        EV: 14    Int: 12    God:
Gold:   58         SH:  0    Dex: 18    Spells: 3/3 levels left

rFire   . . .      SeeInvis .    a - +2 dagger
rCold   . . .      Faith    .    (no shield)
rNeg    . . .      Spirit   .    b - +0 robe
rPois   .          Reflect  .    (no helmet)
rElec   .          Harm     .    c - +0 cloak
rCorr   .          Rampage  .    (no gloves)
Will    .....                    (no boots)
Stlth   +++++                    (no amulet)
HPRegen 0.24/turn                (no ring)
MPRegen 0.09/turn                (no ring)

@: no status effects
A: small, no large weapons, nightstalker 3
a: no special abilities


You were on level 2 of the Dungeon.
You visited 1 branch of the dungeon, and saw 2 of its levels.

You collected 58 gold pieces.

Inventory:

Hand Weapons
 a - a +2 dagger (weapon)
Missiles
 d - 9 poisoned darts (quivered)
 e - 3 curare-tipped darts
 g - 11 stones
Armour
 b - a +0 robe (worn)
 c - a +0 cloak (worn)
Jewellery
 j - a ring of protection from fire
 k - a ring of resist corrosion
Scrolls
 f - 2 scrolls of identify {unknown}
 h - a scroll of blinking {unknown}
 m - a scroll of teleportation {unknown}
 n - a scroll of summoning {unknown}
 q - a scroll of vulnerability {unknown}
Potions
 i - a potion of haste {unknown}
 l - a potion of might {unknown}
 o - a potion of curing {unknown}
 p - a potion of heal wounds {unknown}


   Skills:
 + Level 2.4 Fighting
 + Level 3.1 Short Blades
 + Level 2.3 Throwing
 + Level 1.3 Dodging
 + Level 6.8 Stealth


You had 3 spell levels left.
You didn't know any spells.
Your spell library was empty.

Dungeon Overview and Level Annotations

Branches:
Dungeon (2/15)

Altars:


Innate Abilities, Weirdness & Mutations

You are small and have problems with some larger weapons.
You are completely attuned to the shadows.


Message History

Found a helmet.
An orc comes into view. It is wielding a +0 club.
The orc shouts!
You hit the orc priest.
The orc priest is moderately wounded.
The orc priest closely misses you.
You hit the orc priest.
The orc priest is moderately wounded.
The orc priest closely misses you.
You closely miss the orc priest.
The orc priest is moderately wounded.
You hit the orc priest.
The orc priest is heavily wounded.
The orc hits you with a +0 dagger.
The orc priest hits you with a +0 hand axe.
You completely miss the orc priest.
The orc priest is heavily wounded.
The orc hits you with a +0 dagger.
The orc priest hits you with a +0 hand axe.
You hit the orc priest.
The orc priest is heavily wounded.
The orc closely misses you.
The orc priest hits you but does no damage.
The orc barely misses you. x2
You hit the orc priest.
The orc priest is severely wounded.
The orc closely misses you. The orc priest closely misses you.
The orc hits you with a +0 falchion. The orc hits you but does no damage.
You barely miss the orc priest.
The orc priest is severely wounded.
The orc barely misses you. The orc priest misses you.
The orc hits you with a +0 falchion.
* * * LOW HITPOINT WARNING * * *
The orc hits you with a +0 club.
* * * LOW HITPOINT WARNING * * *
The orc attacks as you move away! The orc closely misses you.
The orc attacks as you move away! The orc barely misses you.
The orc priest attacks as you move away!
The orc priest hits you with a +0 hand axe.
You die...

.#.. ...... ..#
......###
..#####........#######
#..##....[...#.#.....#
......#..............#
<#....#......###.....#
.............###.....#
.........###.........#
.......#...#####@o...#
...#...###.# #ooo..#
.......# .. #.....# ..
.... #....!# ##
......# # [...##.# # #
#


You could see an orc priest and 3 orcs.

Vanquished Creatures
  An adder (D:2)
  A gnoll (D:1)
  A worm (D:2)
  A ball python (D:1)
  2 bats (D:1)
  2 endoplasms (D:1)
  2 giant cockroaches (D:1)
  5 goblins (D:1)
  5 hobgoblins (D:1)
  2 jackals (D:1)
  A frilled lizard (D:2)
  A kobold (D:1)
  4 rats
28 creatures vanquished.

Notes
Turn   | Place    | Note
-------+----------+-------------------------------------------
     0 | D:1      | sircluck the Kobold Brigand began the quest for the Orb.
     0 | D:1      | Reached XP level 1. HP: 12/12 MP: 1/1
    98 | D:1      | Reached XP level 2. HP: 18/18 MP: 2/2
   205 | D:1      | Reached skill level 6 in Stealth
   285 | D:1      | Reached XP level 3. HP: 22/22 MP: 3/3
   803 | D:2      | Reached XP level 4. HP: 27/27 MP: 4/4
   853 | D:2      | Slain by an orc priest

Illustrated notes

Levels and vault maps discovered:
D:1:      psy_arrival_terrarium, layout_rooms, chequers_decorated_corner,
          dreamdust_mushroom_princess, minmay_misc_feat_rows, minmay_hexomino_u4
D:2:      layout_rooms, uniq_robin

Skill      XL: |  1  2 |
---------------+-------+-----
Short Blades   | 3 |  3.1
Stealth        | 6 |  6.8
Fighting       | |  2.4
Throwing       | |  2.3
Dodging        | |  1.3

Action                     |  1- 3 |  4- 6 || total
---------------------------+-------+-------++-------
  Melee: Dagger            |    64 |    10 ||    74
  Throw: Dart              |     4 |       ||     4
   Stab: Sleeping          |    15 |     2 ||    17
 Armour: Robe              |    16 |     2 ||    18
  Dodge: Dodged            |    35 |    11 ||    46

Table legend: (Time is in decaauts)
 A = Elapsed time spent in this place.
 B = Non-inter-level travel time spent in this place.
 C = Inter-level travel time spent in this place.
 D = Time resting spent in this place.
 E = Time spent auto-exploring this place.
 F = Levels seen in this place.
 G = Mean time per level.
                   A        B        C        D        E       F      G
               +--------+--------+--------+--------+--------+-----+--------+
         Total |    843 |    841 |      2 |      0 |    556 |   2 |  421.5 |
       Dungeon |    843 |    841 |      2 |      0 |    556 |   2 |  421.5 |
               +--------+--------+--------+--------+--------+-----+--------+

Top non-repeatable levels by time:
     D:1: 778 daAuts
     D:2: 64 daAuts
